 Dungeon Crawl Stone Soup version 0.22-a0-419-g492bfec (webtiles) character file.

4512 Ijustatesigmund the Fighter (level 10, -6/88 HPs)
             Began as a Formicid Fighter on May 15, 2018.
             Was an Initiate of the Shining One.
             Mangled by a troll (11 damage)
             ... on level 9 of the Dungeon.
             The game lasted 00:19:38 (8339 turns).

Ijustatesigmund the Fighter (Formicid Fighter)      Turns: 8339, Time: 00:19:39

Health: -6/88      AC: 11    Str: 20 (22) XL:     10   Next: 65%
Magic:  12/12      EV:  8    Int:  6 (7)  God:    the Shining One [......]
Gold:   574        SH: 12    Dex: 13      Spells: 9/9 levels left

rFire    . . .     SeeInvis +   a - +4 quarterstaff
rCold    + + .     Gourm    .   c - +1 shield
rNeg     + . .     Faith    .   b - +0 chain mail
rPois    .         Spirit   .   (helmet unavailable)
rElec    .         Reflect  .   r - +0 cloak
rCorr    .         Harm     .   (no gloves)
MR       +....                  (no boots)
Stlth    ..........             (no amulet)
HPRegen  0.24/turn              t - ring of positive energy
MPRegen  0.13/turn              z - ring of protection from cold

@: glowing
A: permanent stasis, dig shafts and tunnels, four strong arms, antennae 3,
rugged brown scales 1, cold resistance 1
a: Dig, Shaft Self, Renounce Religion


You were on level 9 of the Dungeon.
You worshipped the Shining One.
The Shining One was noncommittal.
You were not hungry.

You visited 2 branches of the dungeon, and saw 10 of its levels.

You collected 574 gold pieces.

Inventory:

Hand Weapons
 a - a +4 quarterstaff (weapon)
 d - a +1 hunting sling of velocity
 q - a +2 quarterstaff of chaos
Missiles
 j - 42 sling bullets
Armour
 b - a +0 chain mail (worn)
 c - a +1 shield (worn)
 r - a +0 cloak (worn)
Jewellery
 t - a ring of positive energy (left hand)
 z - a ring of protection from cold (right hand)
Wands
 k - a wand of digging (16)
 l - a wand of enslavement (7)
 o - a wand of clouds (3)
 s - a wand of disintegration (11)
Scrolls
 h - a scroll of amnesia
 n - a scroll of fog
 p - 2 scrolls of remove curse
 u - a scroll of magic mapping
Potions
 e - a potion of magic
 g - 2 potions of cancellation
 i - a potion of curing
 m - 2 potions of resistance
Comestibles
 f - 14 rations


   Skills:
 - Level 10.3 Fighting
 - Level 10.0 Staves
 - Level 3.2 Armour
 + Level 2.4 Dodging
 - Level 7.1 Shields
 + Level 3.3 Invocations


You had 9 spell levels left.
You didn't know any spells.
Your spell library contained the following spells:

 Spells                   Type           Power        Failure   Level  Hunger
 Apportation              Tloc           #.....       100%        1    ##.....
 Summon Small Mammal      Summ           #...         100%        1    ##.....
 Animate Skeleton         Necr           N/A          100%        1    ##.....
 Spider Form              Tmut/Pois      #.........   100%        3    ####...
 Blade Hands              Tmut           #.........   100%        5    ######.
 Ice Form                 Ice/Tmut       #.......     100%        4    #####..
 Confusing Touch          Hex            #.....       100%        1    ##.....
 Sticks to Snakes         Tmut           #.......     100%        2    ###....
 Beastly Appendage        Tmut           #.....       100%        1    ##.....


Dungeon Overview and Level Annotations

Branches:
Dungeon (9/15)             Temple (1/1) D:7            Lair (0/6) D:8
    Orc: D:9-12

Altars:
Ashenzari
Cheibriados
Dithmenos
Elyvilon
Fedhas
Gozag
Hepliaklqana
Kikubaaqudgha
Makhleb
Nemelex Xobeh
Okawaru
Qazlal
Ru
Sif Muna
Trog
Uskayaw
Vehumet
Wu Jian
Xom
Yredelemnul
Zin
The Shining One
Beogh

Annotations:
D:8 Gastronok


Innate Abilities, Weirdness & Mutations

You cannot be hasted, slowed, berserked, paralysed or teleported.
You can dig through walls and to a lower floor.
Your four strong arms can wield two-handed weapons with a shield.
You have a pair of large antennae on your head. (SInv)
You are partially covered in rugged brown scales. (AC +1, +3% HP)
Your flesh is cold resistant. (rC+)


Message History

Okay, then.
Evoke which item? (* to show all) (? for menu, Esc to quit)
Okay, then.
Are you sure you want to shaft yourself?
You feel somewhat more hungry.
You begin to dig a shaft.
You continue digging a shaft.
You block Gastronok's attack. A shaft appears beneath you!
You fall through a shaft!
The shaft crumbles and collapses.
A troll comes into view.
Found a glowing gold wand, 17 gold pieces and a fan of gales.
You see here a wand of disintegration (11).
s - a wand of disintegration (11)
Okay, then.
Are you sure you want to shaft yourself?
You feel somewhat more hungry.
You begin to dig a shaft.
You continue digging a shaft.
The troll bites you!
You die...

*,********,***,*,**,**,
*,* *,*,,,,,**,**, *,*
*{********,**, *,*
*,,,,,,,,,,**,
*,##***##**************
*,#.#,,.#,,,*,*,,,*,,,*
*,#..#,.#,,*{,,*,,*,,*,
*,#...#.#,*,,},,*,*,*,,
*##.#..T@###...$,,,***,,,
*...............,,,,,,,,,
*#...#...#.#...#,,,*,****
*.#.,#..#...#,.#,,*,,,*,,
*,,*,#.#,....#,*,*,,,,,,*
*,,,*##{,.....#**,,,,,*,,
***** ***###### *******,,
*,, **,


You could see a troll.

Vanquished Creatures
  A two-headed ogre (D:8)
  Psyche (D:8)
  A hippogriff (D:8)
  A spriggan (D:8)
  Sigmund (D:6)
  A wyvern (D:8)
  2 wargs (D:8)
  Duvessa (D:6)
  2 orc warriors
  A sky beast (D:6)
  An ogre (D:2)
  A swamp drake (D:8)
  A necrophage (D:7)
  3 centaurs (D:7)
  Blork the orc (D:5)
  4 bullfrogs
  4 scorpions
  A wyvern skeleton (D:9)
  A water moccasin skeleton (D:8)
  3 howler monkeys
  4 crimson imps
  A bullfrog zombie (D:8)
  A jelly (D:7)
  3 orc priests
  8 orc wizards
  Crazy Yiuf (D:5)
  3 hounds (D:5)
  Terence (D:2)
  An iguana (D:8)
  Ijyb (D:5)
  5 worker ants
  A killer bee zombie (D:8)
  A hound zombie (D:7)
  A hound skeleton (D:5)
  Robin (D:4)
  4 gnolls (D:7)
  8 adders
  A shadow imp (D:9)
  An ooze (D:1)
  3 adder zombies
  An adder skeleton (D:8)
  A worm (D:2)
  2 dart slugs
  3 leopard geckos
  33 orcs
  4 giant cockroaches
  11 goblins
  6 hobgoblins
  14 jackals
  7 kobolds
  2 quokkas
  11 bats
  9 frilled lizards
  A quokka zombie (D:7)
  9 rats
  A spectral orc (D:7)
  A fungus (D:3)
198 creatures vanquished.

Notes
Turn   | Place    | Note
-------+----------+-------------------------------------------
     0 | D:1      | Ijustatesigmund the Formicid Fighter began the quest for the Orb.
     0 | D:1      | Reached XP level 1. HP: 18/18 MP: 1/1
    65 | D:1      | Reached XP level 2. HP: 22/24 MP: 2/2
   295 | D:2      | Reached XP level 3. HP: 22/29 MP: 3/3
   372 | D:2      | Noticed Terence
   385 | D:2      | Killed Terence
   387 | D:2      | Found an opulent altar of Gozag.
   464 | D:2      | Reached XP level 4. HP: 35/35 MP: 4/4
  1203 | D:2      | Reached skill level 5 in Shields
  1212 | D:2      | Found a burning altar of Makhleb.
  1250 | D:2      | Found a sparkling altar of Nemelex Xobeh.
  1302 | D:2      | Noticed an ogre
  1317 | D:2      | Killed an ogre
  1317 | D:2      | Reached XP level 5. HP: 11/41 MP: 5/5
  1659 | D:2      | Found a snail-covered altar of Cheibriados.
  2040 | D:3      | Reached XP level 6. HP: 41/47 MP: 6/6
  2136 | D:3      | Found an iron altar of Okawaru.
  2215 | D:3      | Found a faded altar of an unknown god.
  2536 | D:4      | Noticed Robin
  2627 | D:4      | Killed Robin
  3768 | D:4      | Found a bloodstained altar of Trog.
  3899 | D:5      | Entered Level 5 of the Dungeon
  3926 | D:5      | Reached skill level 5 in Staves
  3945 | D:5      | Noticed Ijyb
  3962 | D:5      | Killed Ijyb
  3962 | D:5      | Reached XP level 7. HP: 49/55 MP: 7/7
  4078 | D:5      | Reached skill level 5 in Fighting
  4211 | D:5      | Noticed Blork the orc
  4221 | D:5      | Killed Blork the orc
  4367 | D:5      | Found a runed door.
  4371 | D:5      | Noticed Crazy Yiuf
  4374 | D:5      | Killed Crazy Yiuf
  4619 | D:5      | Reached XP level 8. HP: 64/64 MP: 8/8
  4778 | D:6      | Noticed Sigmund
  4788 | D:6      | Killed Sigmund
  4818 | D:6      | Found a hide-covered altar of Uskayaw.
  4941 | D:6      | Found a shimmering altar of Xom.
  5045 | D:6      | Found a runed door.
  5365 | D:6      | Found a roughly hewn altar of Beogh.
  5902 | D:6      | Noticed Duvessa
  5902 | D:6      | Noticed Dowan
  5909 | D:6      | Reached XP level 9. HP: 74/74 MP: 9/9
  5913 | D:6      | Killed Duvessa
  5926 | D:6      | Noticed Dowan
  5926 | D:6      | Dowan changed into Dowan the bullfrog
  5932 | D:6      | Killed Dowan the bullfrog
  6097 | D:7      | Found a staircase to the Ecumenical Temple.
  6147 | Temple   | Entered the Ecumenical Temple
  6514 | D:7      | Gained mutation: You are partially covered in rugged brown scales. (AC +1, +3% HP) [potion of mutation]
  6514 | D:7      | Gained mutation: Your flesh is cold resistant. (rC+) [potion of mutation]
  6801 | D:7      | Found a basalt altar of Yredelemnul.
  6939 | D:8      | Found a sacrificial altar of Ru.
  6955 | D:8      | Noticed Psyche
  6963 | D:8      | Killed Psyche
  7101 | D:8      | Noticed a hippogriff
  7114 | D:8      | Killed a hippogriff
  7114 | D:8      | Reached XP level 10. HP: 54/84 MP: 10/10
  7142 | D:8      | Reached skill level 10 in Fighting
  7489 | D:8      | Found a staircase to the Lair.
  7630 | D:8      | Found a shattered altar of Ashenzari.
  7795 | D:9      | Reached skill level 10 in Staves
  7806 | D:9      | Found a glowing golden altar of the Shining One.
  7815 | D:9      | Became a worshipper of the Shining One
  7878 | D:8      | Reached skill level 1 in Invocations
  7985 | D:8      | Noticed a two-headed ogre
  7995 | D:8      | Killed a two-headed ogre
  8316 | D:8      | Noticed Gastronok
  8332 | D:8      | HP: 3/88 [Gastronok (12)]
  8335 | D:8      | You fall through a shaft!
  8339 | D:9      | Mangled by a troll

Vault maps used:
D:1:      matt_arrival_refuge, minmay_pentomino_z4
D:2:      kennysheep_slug_shrine, nicolae_gozag_cash_rules_everything_around_me,
          lemuel_crystal_altar, hex_large, nemelex_diamond_rough_becter,
          uniq_terence
D:3:      okawaru_metal_pillars_1_2, first_ration,
          chequers_ecumenical_altar_lobes, minmay_gold_behind_fungi
D:4:      lightli_temple_of_fire, uniq_robin
D:5:      uniq_crazy_yiuf_cottage, uniq_ijyb, uniq_blork_the_orc
D:6:      marbit_many_paths, lemuel_round_altar, lightli_church_of_beogh,
          uniq_duvessa, uniq_sigmund
D:7:      yredelemnul_forgotten_temple_becter, minmay_temple_entry_steel_oval
D:8:      old_standard_altar, nicolae_ru_sacrificial_ziggurat,
          erik_lair_orcish_takeover, the_bakery, kennysheep_kite_vault,
          uniq_psyche, uniq_gastronok
D:9:      old_standard_altar, minmay_misc_feat_more_columns,
          hangedman_decor_diamond_cutter
Temple:   minmay_temple_curvy_loop

Skill      XL: |  1  2  3  4  5  6  7  8  9 10 |
---------------+-------------------------------+-----
Shields        | 4 5 7 |  7.1
Staves         | 3 4 5 6 7 9 10 | 10.0
Fighting       | 4 5 7 9 10 | 10.3
Invocations    | 3 |  3.3
Dodging        | 2 |  2.4
Armour         | |  3.2

Action                   |  1- 3 |  4- 6 |  7- 9 | 10-12 || total
-------------------------+-------+-------+-------+-------++-------
Melee: Quarterstaff      |    51 |   263 |   320 |   129 ||   763
 Fire: Hunting sling     |       |       |       |     7 ||     7
 Abil: Dig               |       |     1 |     4 |     5 ||    10
       Shaft Self        |       |       |       |     2 ||     2
Evoke: Wand              |       |       |       |     2 ||     2
  Use: Potion            |     1 |     4 |     1 |     6 ||    12
       Scroll            |       |    13 |     5 |     4 ||    22
 Stab: Confused          |       |       |     1 |       ||     1
  Eat: Chunk             |       |    10 |    11 |       ||    21
       Ration            |       |       |       |     2 ||     2
Armor: Scale mail        |    31 |    88 |       |       ||   119
       Chain mail        |       |     9 |   126 |    26 ||   161
Dodge: Dodged            |    25 |    91 |    54 |    22 ||   192
Block: Shield            |    47 |   161 |   185 |    63 ||   456

Table legend:
 A = Spawn XP
 B = Non-spawn XP
 C = Spawn XP percentage of total XP
 D = Spawn monster count
 E = Non-spawn monster count
 F = Spawn count percentage of total count
 G = Total turns spent on level
                    A         B        C        D         E        F      G
               +---------+---------+-------+---------+---------+-------+---------
         Total |       0 |    6447 |   0.0 |       0 |     197 |   0.0 |  8339
               +---------+---------+-------+---------+---------+-------+---------
           D:1 |       0 |      36 |   0.0 |       0 |      20 |   0.0 |   561
           D:2 |       0 |     224 |   0.0 |       0 |      22 |   0.0 |  1431
           D:3 |       0 |      47 |   0.0 |       0 |      21 |   0.0 |   599
           D:4 |       0 |     186 |   0.0 |       0 |      18 |   0.0 |  1308
           D:5 |       0 |     558 |   0.0 |       0 |      21 |   0.0 |   865
           D:6 |       0 |    1238 |   0.0 |       0 |      41 |   0.0 |  1297
           D:7 |       0 |     772 |   0.0 |       0 |      19 |   0.0 |   654
           D:8 |       0 |    3212 |   0.0 |       0 |      29 |   0.0 |  1329
           D:9 |       0 |     174 |   0.0 |       0 |       6 |   0.0 |    83
               +---------+---------+-------+---------+---------+-------+---------
